BLB
MAINE GUIDES @ INDIANAPOLIS CLOWNS
05/25/2060
 
TOP OF THE 1ST
Maine Guides batting - Pitching for Indianapolis Clowns : RHP Troy Cooper
Pitching: RHP Troy Cooper
Batting: RHB Nathan Bennett 0-0: Ball
1-0: Called Strike
1-1: Swinging Strike
1-2: Ball
2-2: Foul Ball, location: 2F
2-2: SINGLE (Groundball, 5S, EV 64.4 MPH) (infield hit)
Batting: RHB Brad Pendolino 0-0: DOUBLE (Flyball, 89D, EV 108.1 MPH)
Nathan Bennett to third
Runner from 3rd tries for Home, SAFE, no throw by CF
Batting: RHB Jarrett Shaneyfelt 0-0: Called Strike
0-1: Ball
1-1: Ball
2-1: Ground out U3 (Groundball, 34, EV 110.0 MPH)
Brad Pendolino to third
Batting: RHB Julian Irwin 0-0: Called Strike
0-1: Foul Ball, location: 2F
0-2: Foul Ball, location: 2F
0-2: Ball
1-2: Foul Ball, location: 2F
1-2: Fly out, F8 (Flyball, 8RD, EV 93.8 MPH)
Runner from 3rd tags up, SCORES, throw by CF
Batting: LHB Tony Wysong 0-0: Called Strike
0-1: Ground out 6-3 (Groundball, 6MS, EV 71.2 MPH)
Top of the 1st over - 2 runs, 2 hits, 0 errors, 0 left on base; Maine 2 - Indianapolis 0
BOTTOM OF THE 1ST
Indianapolis Clowns batting - Pitching for Maine Guides : RHP Brandan Caldwell
Pitching: RHP Brandan Caldwell
Batting: LHB Elias Owen 0-0: Called Strike
0-1: Ball
1-1: Fly out, F8 (Flyball, 8LM, EV 90.6 MPH)
Batting: RHB Jared Bradley 0-0: Ball
1-0: Called Strike
1-1: SINGLE (Groundball, 34D, EV 105.0 MPH)
Batting: LHB Sean Hayward 0-0: Ball
1-0: Ball
2-0: DOUBLE (Flyball, 89D, EV 109.4 MPH)
Jared Bradley to third
Runner from 3rd tries for Home, SAFE, no throw by CF
Batting: RHB Jett Speer 0-0: Called Strike
0-1: Fly out, F9 (Flyball, 9, EV 88.8 MPH)
Batting: RHB Kristian LeDoux 0-0: Ball
1-0: Ground out 5-3 (Groundball, 5L, EV 91.2 MPH)
Bottom of the 1st over - 1 run, 2 hits, 0 errors, 1 left on base; Maine 2 - Indianapolis 1
TOP OF THE 2ND
Maine Guides batting - Pitching for Indianapolis Clowns : RHP Troy Cooper
Batting: RHB Byron Bentley 0-0: Ground out 6-3 (Groundball, P, EV 83.1 MPH)
Batting: RHB Sean Brown 0-0: Ball
1-0: Called Strike
1-1: Ball
2-1: Swinging Strike
2-2: Strikes out looking
Batting: RHB Jaret Foley 0-0: Ball
1-0: Ball
2-0: Called Strike
2-1: Foul Ball, location: 2F
2-2: Strikes out swinging
Top of the 2nd over - 0 runs, 0 hits, 0 errors, 0 left on base; Maine 2 - Indianapolis 1
BOTTOM OF THE 2ND
Indianapolis Clowns batting - Pitching for Maine Guides : RHP Brandan Caldwell
Batting: LHB Tristen Cooley 0-0: Ball
1-0: Called Strike
1-1: Swinging Strike
1-2: Foul Ball, location: 2F
1-2: Foul Ball, location: 2F
1-2: Strikes out swinging
Batting: LHB Delano Hurme 0-0: Fly out, F9 (Flyball, 9LM, EV 96.9 MPH)
Batting: RHB Isaac Rowe 0-0: Foul Ball, location: 2F
0-1: Foul Ball, location: 2F
0-2: Foul Ball, location: 2F
0-2: Ball
1-2: Foul Ball, location: 2F
1-2: Ball
2-2: Strikes out swinging
Bottom of the 2nd over - 0 runs, 0 hits, 0 errors, 0 left on base; Maine 2 - Indianapolis 1
TOP OF THE 3RD
Maine Guides batting - Pitching for Indianapolis Clowns : RHP Troy Cooper
Batting: RHB Jarrett Vazquez 0-0: Ball
1-0: Called Strike
1-1: Swinging Strike
1-2: Strikes out looking
Batting: RHB Nathan Bennett 0-0: Called Strike
0-1: Foul Ball, location: 2F
0-2: Ball
1-2: Foul Ball, location: 2F
1-2: Ball
2-2: Ball
3-2: SINGLE (Groundball, 6MD, EV 93.8 MPH)
Batting: RHB Brad Pendolino 0-0: Called Strike
0-1: Foul Ball, location: 2F
0-2: Grounds into double play, 4-6-3 (Groundball, 4, EV 94.4 MPH)
Top of the 3rd over - 0 runs, 1 hit, 0 errors, 0 left on base; Maine 2 - Indianapolis 1
BOTTOM OF THE 3RD
Indianapolis Clowns batting - Pitching for Maine Guides : RHP Brandan Caldwell
Batting: RHB Blake Kahn 0-0: Called Strike
0-1: Foul Ball, location: 2F
0-2: Ball
1-2: Ball
2-2: Ball
3-2: Foul Ball, location: 2F
3-2: Foul Ball, location: 2F
3-2: Base on Balls
Batting: LHB Elias Owen 0-0: Fly out, F8 (Flyball, 89M, EV 83.1 MPH)
Batting: RHB Jared Bradley 0-0: Called Strike
0-1: Ball
1-1: Foul Ball, location: 2F
1-2: Ball
2-2: Foul Ball, location: 2F
2-2: Foul Ball, location: 2F
2-2: Ball
3-2: SINGLE (Line Drive, 89S, EV 106.2 MPH)
Blake Kahn to second
Batting: LHB Sean Hayward 0-0: Fly out, F7 (Flyball, 7D, EV 105.6 MPH)
Batting: RHB Jett Speer 0-0: Foul Ball, location: 2F
0-1: Swinging Strike
0-2: Ball
1-2: Strikes out swinging
Bottom of the 3rd over - 0 runs, 1 hit, 0 errors, 2 left on base; Maine 2 - Indianapolis 1
TOP OF THE 4TH
Maine Guides batting - Pitching for Indianapolis Clowns : RHP Troy Cooper
Batting: RHB Jarrett Shaneyfelt 0-0: Foul Ball, location: 2F
0-1: DOUBLE (Flyball, 89XD, EV 113.1 MPH)
Batting: RHB Julian Irwin 0-0: Called Strike
0-1: Foul Ball, location: 2F
0-2: Foul Ball, location: 2F
0-2: Ball
1-2: Strikes out swinging
Batting: LHB Tony Wysong 0-0: Foul Ball, location: 2F
0-1: Swinging Strike
0-2: Strikes out looking
Batting: RHB Byron Bentley 0-0: Called Strike
0-1: Ball
1-1: Ball
2-1: SINGLE (Groundball, 34D, EV 102.5 MPH)
Jarrett Shaneyfelt to third
Runner from 3rd tries for Home, SAFE, throw by RF to home
Batting: RHB Sean Brown 0-0: Swinging Strike
0-1: Ball
1-1: Called Strike
1-2: Ball
2-2: Strikes out swinging
Top of the 4th over - 1 run, 2 hits, 0 errors, 1 left on base; Maine 3 - Indianapolis 1
BOTTOM OF THE 4TH
Indianapolis Clowns batting - Pitching for Maine Guides : RHP Brandan Caldwell
Batting: RHB Kristian LeDoux 0-0: Fly out, F8 (Flyball, 8LM, EV 86.9 MPH)
Batting: LHB Tristen Cooley 0-0: Ball
1-0: Swinging Strike
1-1: Called Strike
1-2: Foul Ball, location: 2F
1-2: Strikes out swinging
Batting: LHB Delano Hurme 0-0: Ball
1-0: Fly out, F7 (Line Drive, 7S, EV 93.8 MPH)
Bottom of the 4th over - 0 runs, 0 hits, 0 errors, 0 left on base; Maine 3 - Indianapolis 1
TOP OF THE 5TH
Maine Guides batting - Pitching for Indianapolis Clowns : RHP Troy Cooper
Batting: RHB Jaret Foley 0-0: Ground out 4-3 (Groundball, 4, EV 76.9 MPH)
Batting: RHB Jarrett Vazquez 0-0: Called Strike
0-1: Ball
1-1: Swinging Strike
1-2: Foul Ball, location: 2F
1-2: Ball
2-2: Ground out 4-3 (Groundball, 4, EV 99.4 MPH)
Batting: RHB Nathan Bennett 0-0: Ball
1-0: Called Strike
1-1: Fly out, F5 (Line Drive, 5L, EV 70.0 MPH)
Top of the 5th over - 0 runs, 0 hits, 0 errors, 0 left on base; Maine 3 - Indianapolis 1
BOTTOM OF THE 5TH
Indianapolis Clowns batting - Pitching for Maine Guides : RHP Brandan Caldwell
Batting: RHB Isaac Rowe 0-0: Called Strike
0-1: Ball
1-1: Ball
2-1: Ball
3-1: Called Strike
3-2: Fly out, F3 (Popup, 34S, EV 87.5 MPH)
Batting: RHB Blake Kahn 0-0: Ball
1-0: Called Strike
1-1: Called Strike
1-2: Foul Ball, location: 2F
1-2: Ball
2-2: Foul Ball, location: 2F
2-2: Ball
3-2: SINGLE (Line Drive, 4D, EV 94.4 MPH)
Batting: LHB Elias Owen 0-0: Ball
1-0: Called Strike
1-1: Fly out, F8 (Line Drive, 89M, EV 89.4 MPH)
Batting: RHB Jared Bradley 0-0: Ball
1-0: Called Strike
1-1: Called Strike
1-2: Fly out, F6 (Popup, 6MS, EV 70.6 MPH)
Bottom of the 5th over - 0 runs, 1 hit, 0 errors, 1 left on base; Maine 3 - Indianapolis 1
TOP OF THE 6TH
Maine Guides batting - Pitching for Indianapolis Clowns : RHP Troy Cooper
Batting: RHB Brad Pendolino 0-0: Called Strike
0-1: Ball
1-1: Ball
2-1: Called Strike
2-2: Ball
3-2: Base on Balls
Batting: RHB Jarrett Shaneyfelt 0-0: Called Strike
0-1: Ball
1-1: Ball
Passed Ball!
Brad Pendolino to second
2-1: Fly out, F7 (Line Drive, 7, EV 95.0 MPH)
Batting: RHB Julian Irwin 0-0: Ball
1-0: Ball
2-0: Ball
3-0: Called Strike
3-1: Swinging Strike
3-2: Foul Ball, location: 2F
3-2: Base on Balls
Batting: LHB Tony Wysong 0-0: Called Strike
0-1: Swinging Strike
0-2: Ball
1-2: Fly out, F8 (Flyball, 8LD, EV 94.4 MPH)
Pitching: RHP Kelvin Scruggs
Batting: RHB Byron Bentley 0-0: Foul Ball, location: 2F
0-1: Swinging Strike
0-2: Ball
1-2: Strikes out swinging
Top of the 6th over - 0 runs, 0 hits, 0 errors, 2 left on base; Maine 3 - Indianapolis 1
BOTTOM OF THE 6TH
Indianapolis Clowns batting - Pitching for Maine Guides : RHP Brandan Caldwell
Batting: LHB Sean Hayward 0-0: Foul Ball, location: 2F
0-1: Foul Ball, location: 2F
0-2: Ball
1-2: Ball
2-2: Foul Ball, location: 2F
2-2: Ball
3-2: Strikes out swinging
Batting: RHB Jett Speer 0-0: Ball
1-0: Ball
2-0: Ball
3-0: Called Strike
3-1: Called Strike
3-2: Base on Balls
Pitching: RHP Parker Terry
Batting: RHB Kristian LeDoux 0-0: Ball
1-0: Called Strike
1-1: Called Strike
1-2: Ball
2-2: Ball
3-2: Reached on error, E7 (Flyball, 7S, EV 95.0 MPH)
Jett Speer to second
Batting: LHB Tristen Cooley 0-0: Ball
1-0: Fly out, F3 (Popup, 3SF, EV 73.8 MPH)
Batting: LHB Delano Hurme 0-0: Ball
1-0: Ball
2-0: Ball
Wild Pitch!
Jett Speer to third
Kristian LeDoux to second
3-0: Base on Balls
Batting: RHB Isaac Rowe 0-0: Ball
1-0: Ball
2-0: Foul Ball, location: 2F
2-1: Called Strike
2-2: Ground out 1-3 (Groundball, 13S, EV 75.0 MPH)
Bottom of the 6th over - 0 runs, 0 hits, 1 error, 3 left on base; Maine 3 - Indianapolis 1
TOP OF THE 7TH
Maine Guides batting - Pitching for Indianapolis Clowns : RHP Kelvin Scruggs
Batting: RHB Sean Brown 0-0: Fly out, F9 (Flyball, 9, EV 81.2 MPH)
Batting: RHB Jaret Foley 0-0: Called Strike
0-1: Foul Ball, location: 2F
0-2: Ball
1-2: Strikes out swinging
Batting: RHB Jarrett Vazquez 0-0: Fly out, F9 (Flyball, 89XD, EV 85.6 MPH)
Top of the 7th over - 0 runs, 0 hits, 0 errors, 0 left on base; Maine 3 - Indianapolis 1
BOTTOM OF THE 7TH
Indianapolis Clowns batting - Pitching for Maine Guides : RHP Parker Terry
Batting: RHB Blake Kahn 0-0: Ball
1-0: Foul Ball, location: 2F
1-1: Swinging Strike
1-2: Ball
2-2: Foul Ball, location: 2F
2-2: Ball
3-2: Strikes out swinging
Batting: LHB Elias Owen 0-0: Ball
1-0: SINGLE (Line Drive, 6M, EV 96.2 MPH)
Batting: RHB Jared Bradley 0-0: Ball
Elias Owen steals 2nd base (no throw)
1-0: Ball
2-0: Ball
3-0: Called Strike
3-1: Foul Ball, location: 2F
3-2: Strikes out swinging
Batting: LHB Sean Hayward 0-0: Foul Ball, location: 2F
0-1: Swinging Strike
0-2: Foul Ball, location: 2F
0-2: Ball
1-2: Ball
2-2: Ball
3-2: Foul Ball, location: 2F
3-2: Foul Ball, location: 2F
3-2: Strikes out swinging
Bottom of the 7th over - 0 runs, 1 hit, 0 errors, 1 left on base; Maine 3 - Indianapolis 1
TOP OF THE 8TH
Maine Guides batting - Pitching for Indianapolis Clowns : RHP Kelvin Scruggs
Pitching: LHP Jaden Ezell
Batting: RHB Nathan Bennett 0-0: Ground out 6-3 (Groundball, 6, EV 90.6 MPH)
Batting: RHB Brad Pendolino 0-0: Called Strike
0-1: Ground out 6-3 (Groundball, 6, EV 83.8 MPH)
Batting: RHB Jarrett Shaneyfelt 0-0: Ball
1-0: Foul Ball, location: 2F
1-1: Foul Ball, location: 2F
1-2: Foul Ball, location: 2F
1-2: Strikes out looking
Top of the 8th over - 0 runs, 0 hits, 0 errors, 0 left on base; Maine 3 - Indianapolis 1
BOTTOM OF THE 8TH
Indianapolis Clowns batting - Pitching for Maine Guides : RHP Parker Terry
Batting: RHB Jett Speer 0-0: Ball
1-0: Ball
2-0: Called Strike
2-1: Swinging Strike
2-2: Ball
3-2: Strikes out swinging, 2-3 out at first.
Pitching: RHP Joe Ferebee
Batting: RHB Kristian LeDoux 0-0: Called Strike
0-1: Fly out, F8 (Flyball, 8RM, EV 91.9 MPH)
Batting: LHB Tristen Cooley 0-0: Ball
1-0: Ball
2-0: Ground out U3 (Groundball, 34S, EV 87.5 MPH)
Bottom of the 8th over - 0 runs, 0 hits, 0 errors, 0 left on base; Maine 3 - Indianapolis 1
TOP OF THE 9TH
Maine Guides batting - Pitching for Indianapolis Clowns : LHP Jaden Ezell
Batting: RHB Julian Irwin 0-0: Called Strike
0-1: Ball
1-1: Ground out 6-3 (Groundball, 6M, EV 106.2 MPH)
Batting: LHB Tony Wysong 0-0: Ball
1-0: Ball
2-0: Called Strike
2-1: Ball
3-1: Base on Balls
Batting: RHB Byron Bentley 0-0: Called Strike
0-1: Ball
1-1: Ball
2-1: Foul Ball, location: 2F
2-2: Ball
3-2: Foul Ball, location: 2F
3-2: Foul Ball, location: 2F
3-2: Strikes out swinging
Tony Wysong is caught stealing 2nd base 2-4
Batter strikes out.
Top of the 9th over - 0 runs, 0 hits, 0 errors, 0 left on base; Maine 3 - Indianapolis 1
BOTTOM OF THE 9TH
Indianapolis Clowns batting - Pitching for Maine Guides : RHP Joe Ferebee
Pitching: LHP Mitch Colwell
Now at 1B: Julian Irwin
Now at 3B: Derek Rosado
Now in LF: Damian Counts
Pinch Hitting: RHB Lee Vincent 0-0: Called Strike
0-1: Ball
1-1: Foul Ball, location: 2F
1-2: Fly out, F8 (Flyball, 8RS, EV 86.2 MPH)
Batting: RHB Isaac Rowe 0-0: Ball
1-0: Fly out, F9 (Flyball, 9, EV 91.9 MPH)
Batting: RHB Blake Kahn 0-0: Ball
1-0: Ball
2-0: Called Strike
2-1: SINGLE (Popup, 4MD, EV 50.0 MPH)
Batting: LHB Elias Owen 0-0: Ground out U3 (Groundball, 3L, EV 83.8 MPH)
Bottom of the 9th over - 0 runs, 1 hit, 0 errors, 1 left on base; Maine 3 - Indianapolis 1
Friday, May 3rd , 2024 - OOTP Baseball 23.10 Build 110